 Dungeon Crawl Stone Soup version 0.26.1-2-gb8aa6d0cf2 (webtiles) character file.

Game seed: 12592411508936472847

12162 promet the Fighter (level 11, -11/74 (95) HPs)
             Began as a Grey Draconian Conjurer on Mar 23, 2021.
             Was an Elder of Dithmenos.
             Killed from afar by Josephine (31 damage)
             ... with a ghostly fireball
             ... on level 10 of the Dungeon on Mar 24, 2021.
             The game lasted 03:05:22 (22185 turns).

promet the Fighter (Grey Draconian Conjurer)       Turns: 22185, Time: 03:05:22

HP:   -11/74 (95)   AC: 20    Str:  9    XL:     11   Next: 58%
MP:   16/21         EV: 18    Int: 21    God:    Dithmenos [****..]
Gold: 343           SH:  9    Dex: 11    Spells: 2/23 levels left

rFire    . . .     SeeInvis .   H - +4 flail (holy)
rCold    . . .     Faith    .   M - +0 buckler
rNeg     . . .     Spirit   .   (armour unavailable)
rPois    .         Reflect  +   (helmet restricted)
rElec    .         Harm     .   n - +0 cloak
rCorr    .         Rampage  .   (no gloves)
Will     .....                  e - +2 pair of boots
Stlth    ++++......             R - amulet of reflection
HPRegen  0.22/turn              s - +4 ring of protection
MPRegen  0.17/turn              P - +4 ring of evasion

@: lethally poisoned (-11 -> -12), wreathed by umbra, heavily drained
A: walk through water, unfitting armour, unbreathing, cold-blooded, AC +12
a: Renounce Religion, Shadow Step


You were on level 10 of the Dungeon.
You worshipped Dithmenos.
Dithmenos was greatly pleased with you.
You visited 1 branch of the dungeon, and saw 11 of its levels.

You collected 703 gold pieces.
You spent 360 gold pieces at shops.

Inventory:

Hand Weapons
 a - a +4 quarterstaff of chaos
 b - a +0 shortbow
 c - a +3 dagger of venom
 i - a +0 halberd
 q - a +0 dire flail
 y - a +0 hunting sling
 E - a +0 broad axe
 H - a +4 flail of holy wrath (weapon)
 I - a +2 scimitar of flaming
 J - a +2 war axe of draining
Missiles
 g - 296 stones
 h - 77 sling bullets
 j - 49 bolts
 o - 96 arrows
 p - 66 poisoned darts
 F - 22 boomerangs (quivered)
 G - a throwing net
Armour
 e - a +2 pair of boots (worn)
 n - a +0 cloak (worn)
 M - a +0 buckler (worn)
Jewellery
 s - a +4 ring of protection (left hand)
 z - an uncursed ring of flight
 C - an uncursed ring of see invisible
 P - a +4 ring of evasion (right hand)
 R - an amulet of reflection (around neck)
Wands
 t - a wand of iceblast (9)
 K - a wand of disintegration (5)
 L - a wand of digging (8)
 Q - a wand of acid (10)
Scrolls
 d - 3 scrolls of remove curse
 u - 5 scrolls of identify
 w - 2 scrolls of fear
 x - a scroll of noise {unknown}
 A - a scroll of magic mapping
 B - 3 scrolls of amnesia
Potions
 f - a potion of might
 k - 3 potions of curing
 l - 3 potions of cancellation
 m - 2 potions of flight
 r - 3 potions of brilliance
 v - 2 potions of haste
 O - 8 potions of ambrosia
 S - 3 potions of heal wounds


   Skills:
 * Level 8.9 Fighting
 + Level 2.5 Short Blades
 + Level 1.5(1.9) Axes
 + Level 0.6(4.6) Maces & Flails
 + Level 1.1(4.8) Polearms
 + Level 7.2(7.3) Staves
 + Level 0.1(2.3) Slings
 + Level 3.9 Throwing
 + Level 6.5 Dodging
 + Level 5.0 Stealth
 + Level 2.0 Shields
 + Level 6.9 Spellcasting
 + Level 8.2 Conjurations
 + Level 3.0 Hexes
 + Level 0.2 Air Magic
 + Level 0.5 Evocations


You had 2 spell levels left.
You knew the following spells:

 Your Spells              Type           Power        Failure   Level
a - Magic Dart            Conj           100%         1%          1
b - Searing Ray           Conj           82%          1%          2
c - Dazzling Flash        Conj/Hex       62%          3%          3
d - Fulminant Prism       Conj/Hex       15%          11%         4
e - Iskenderun's Mystic   Conj/Tloc      24%          21%         4
f - Poisonous Vapours     Pois/Air       14%          16%         2
g - Tukima's Dance        Hex            20%          10%         3
h - Slow                  Hex            20%          4%          2

Your spell library contained the following spells:

 Spells                   Type           Power        Failure   Level
 Corona                   Hex            22%          3%          1
 Sting                    Tmut/Pois      28%          11%         1
 Apportation              Tloc           14%          12%         1
 Mephitic Cloud           Conj/Pois/Air  19%          11%         3
 Inner Flame              Hex/Fire       13%          19%         3
 Portal Projectile        Hex/Tloc       26%          19%         3
 Ignite Poison            Fire/Tmut/Pois 7%           32%         3
 Cause Fear               Hex            10%          32%         4
 Lesser Beckoning         Tloc           3%           34%         3
 Leda's Liquefaction      Hex/Erth       6%           52%         4
 Olgreb's Toxic Radiance  Pois           7%           73%         4
 Alistair's Intoxication  Tmut/Pois      4%           97%         5
 Invisibility             Hex            20%          99%         6


Dungeon Overview and Level Annotations

Branches:
Dungeon (11/15)            Temple (0/1) D:7            Lair (0/6) D:8
    Orc: D:9-12

Altars:
Cheibriados
Dithmenos
Gozag
Qazlal
Sif Muna
Trog
Uskayaw
Yredelemnul

Shops:
D:8 =

Portals:
Abyss: D:6

Annotations:
D:6 2 transporters, axecop's ghost, novice NaDe
D:10 Josephine


Innate Abilities, Weirdness & Mutations

You can walk through water.
Your dull iron-grey scales are very hard. (AC +12)
You cannot fit into any form of body armour.
You can survive without breathing.
You are cold-blooded and may be slowed by cold attacks.


Message History

You feel sick.
You feel sick.
You feel sick.
You feel sick.
You feel sick.
You feel sick.
You see here a +0 giant club.
You feel sick.
Things that are here:
a short sword; a +0 robe; a +0 dagger
Things that are here:
a +0 robe; a +0 dagger; a +0 club You feel sick.
Things that are here:
a +0 chain mail; a +0 war axe You feel sick.
Josephine casts a spell at you.
The ghostly flame explodes!
The ghostly fireball engulfs you!!
You feel drained.
You die...

.# ### .## ### ##.#### ..###.###
#####.#...##
#..#....####...#.#....#
...#......##..........###
...##.#.####..#.....###.##
....#.#.#.###.#.....###..#
...........###..<)..#....#
.###.......# ###@........#
..#.##.....## #.[........#
....#.......###....###...#
..§.##.......##[#.#).....#
.§§§........).@[###.....##
§§§§..#.#.#....## .##...##
§§##.######.....#...###...# ###
§§§§.....##....###.#####..##..##
§#§#............##..##...).....#


You could see Josephine.

Vanquished Creatures
  Snorg (D:10)
  Erica (D:8)
  A two-headed ogre (D:10)
  A wolf spider zombie (D:10)
  An ugly thing (D:9)
  Maggie (D:6)
  A queen bee (D:9)
  Grinder (D:3)
  6 slime creatures
  A spriggan (D:7)
  A wyvern (D:8)
  4 wraiths
  A yak (D:8)
  Edmund (D:6)
  4 orc warriors
  2 phantoms
  8 ogres
  A sky beast (D:8)
  2 necrophages
  2 centaurs
  4 big kobolds
  8 bullfrogs
  A water moccasin zombie (D:8)
  A wyvern skeleton (D:8)
  6 scorpions
  32 killer bees
  3 wights
  5 electric eels (D:8)
  4 howler monkeys
  A centaur zombie (D:7)
  6 jellies
  3 bullfrog skeletons
  Crazy Yiuf (D:3)
  8 orc wizards
  7 orc priests
  4 hounds
  5 iguanas
  7 worker ants
  A killer bee zombie (D:10)
  A hound zombie (D:5)
  A hound skeleton (D:5)
  4 worker ant zombies
  9 gnolls
  9 adders
  A shadow imp (D:6)
  3 white imps
  8 oozes
  3 adder skeletons
  2 worms
  5 leopard geckos
  51 orcs
  8 giant cockroaches
  5 goblins
  12 hobgoblins
  16 jackals
  4 quokkas
  6 bats
  7 frilled lizards
  A jackal skeleton (D:6)
  21 kobolds
  2 leopard gecko skeletons
  A leopard gecko zombie (D:6)
  A quokka zombie (D:7)
  9 rats
338 creatures vanquished.

Vanquished Creatures (others)
  70 fulminant prisms
  19 fungi
  38 plants (D:8)
  8 toadstools (D:6)
135 creatures vanquished.

Grand Total: 473 creatures vanquished

Notes
Turn   | Place    | Note
-------+----------+-------------------------------------------
     0 | D:1      | promet the Draconian Conjurer began the quest for the Orb.
     0 | D:1      | Reached XP level 1. HP: 14/14 MP: 3/3
   135 | D:1      | Reached XP level 2. HP: 20/22 MP: 0/5
   469 | D:1      | Reached skill level 1 in Fighting
  1145 | D:1      | Reached XP level 3. HP: 28/28 MP: 6/6
  1188 | D:1      | Learned a level 2 spell: Searing Ray
  3202 | D:3      | Reached XP level 4. HP: 23/36 MP: 2/7
  3406 | D:3      | Noticed Grinder
  3744 | D:3      | Reached skill level 5 in Conjurations
  3754 | D:3      | Reached XP level 5. HP: 22/42 MP: 8/8
  3955 | D:3      | Killed Grinder
  3956 | D:3      | Reached skill level 1 in Short Blades
  3956 | D:3      | Reached XP level 6. HP: 35/51 MP: 1/10
  4615 | D:3      | Found a hide-covered altar of Uskayaw.
  4831 | D:3      | Found a runed translucent door.
  4832 | D:3      | Noticed Crazy Yiuf
  4961 | D:3      | Killed Crazy Yiuf
  5225 | D:4      | Found a bloodstained altar of Trog.
  5326 | D:4      | Your scales start taking on a dull iron-grey colour.
  5326 | D:4      | Reached XP level 7. HP: 57/57 MP: 11/11
  5326 | D:4      | Gained mutation: You can survive without breathing. [Grey
                  | Draconian growth]
  5448 | D:4      | Reached skill level 1 in Throwing
  5494 | D:4      | Found a bloodstained altar of Trog.
  5904 | D:4      | Learned a level 3 spell: Dazzling Flash
  6428 | D:5      | Entered Level 5 of the Dungeon
  6597 | D:5      | Found a shadowy altar of Dithmenos.
  6694 | D:5      | Became a worshipper of Dithmenos the Shadowed
  6779 | D:5      | Reached skill level 1 in Staves
  6969 | D:5      | Reached XP level 8. HP: 67/67 MP: 11/13
  7824 | D:6      | Found a stormy altar of Qazlal.
  8336 | D:6      | Noticed an air elemental
  8359 | D:6      | Found a snail-covered altar of Cheibriados.
  8416 | D:6      | Found a one-way gate to the infinite horrors of the Abyss.
  8416 | D:6      | Noticed axecop's ghost (novice NaDe)
  8418 | D:6      | Noticed a toenail golem
  8422 | D:6      | Noticed an ice devil
  8637 | D:6      | Found a transporter.
  8689 | D:6      | Noticed Edmund
  8710 | D:6      | Killed Edmund
  8711 | D:6      | Reached skill level 5 in Fighting
  8757 | D:6      | Reached * piety under Dithmenos
  9043 | D:6      | Found a basalt altar of Yredelemnul.
  9390 | D:6      | Found a transporter.
  9429 | D:6      | Reached skill level 1 in Axes
  9467 | D:6      | Noticed Maggie
  9488 | D:6      | Killed Maggie
  9691 | D:5      | Reached XP level 9. HP: 75/75 MP: 12/15
  9696 | D:5      | Learned a level 4 spell: Fulminant Prism
  9701 | D:5      | Learned a level 4 spell: Iskenderun's Mystic Blast
 10122 | D:6      | Reached skill level 1 in Polearms
 10786 | D:6      | Reached skill level 5 in Spellcasting
 11547 | D:7      | Found a shimmering blue altar of Sif Muna.
 11653 | D:7      | Found a staircase to the Ecumenical Temple.
 11771 | D:7      | Reached ** piety under Dithmenos
 13542 | D:8      | Reached XP level 10. HP: 84/84 MP: 16/18
 14008 | D:8      | Noticed Erica
 14018 | D:8      | Reached skill level 5 in Dodging
 14027 | D:8      | Killed Erica
 14028 | D:8      | Reached skill level 5 in Staves
 14028 | D:8      | Reached skill level 1 in Hexes
 14264 | D:8      | Found Bafuruf's Jewellery Shop.
 14281 | D:8      | Bought an uncursed amulet of reflection for 360 gold pieces
 14404 | D:8      | Found an opulent altar of Gozag.
 14527 | D:8      | Found a staircase to the Lair.
 14537 | D:8      | Reached *** piety under Dithmenos
 17101 | D:9      | Learned a level 2 spell: Poisonous Vapours
 17105 | D:9      | Learned a level 3 spell: Tukima's Dance
 17619 | D:10     | Entered Level 10 of the Dungeon
 18186 | D:10     | Noticed a two-headed ogre
 18273 | D:10     | Noticed a red ugly thing
 18298 | D:9      | Killed a red ugly thing
 18695 | D:9      | Reached **** piety under Dithmenos
 18826 | D:10     | Reached XP level 11. HP: 94/94 MP: 14/20
 18916 | D:10     | Noticed Snorg
 19118 | D:10     | Killed Snorg
 19369 | D:10     | Reached skill level 1 in Shields
 19685 | D:10     | Killed a two-headed ogre
 21631 | D:10     | Learned a level 2 spell: Slow
 21784 | D:11     | Reached skill level 5 in Stealth
 21789 | D:11     | Noticed Josephine
 22185 | D:10     | Killed from afar by Josephine

Illustrated notes

Levels and vault maps discovered:
D:1:      minmay_arrival_up_and_down, layout_basic,
          wander_ebering_terrifying_dragon_lair
D:2:      layout_basic, minivault_4
D:3:      layout_rooms, eat_drink_and_be_merry_uskayaw, uniq_crazy_yiuf_cottage,
          uniq_grinder
D:4:      layout_loops_corners, nicolae_overflow_hidden_temple,
          trog_three_pillars_becter
D:5:      layout_basic, enter_ossuary_2, kennysheep_big_empty_room,
          nicolae_dithmenos_shadow_blocks
D:6:      cheibrodos_fertilizer, layout_loops_corners, slow_altar_1,
          old_standard_altar, gammafunk_ghost_abyssal_escape,
          nicolae_qazlal_style_of_elements, uniq_edmund, uniq_maggie
D:7:      layout_loops_ring, lemuel_doored_altar,
          minmay_temple_entry_large_hall, the_bakery
D:8:      wad_lake_hut, layout_cave_pools, general_overflow_altar,
          grunt_lair_entry_orc_guard_hut, serial_shops, shop, uniq_erica
D:9:      layout_basic
D:10:     layout_cave_pools, special_room [special_room_bee], uniq_snorg
D:11:     layout_grid_maze, gammafunk_ghost_hive, nicolae_gozag_seed_capital,
          uniq_josephine

Skill      XL: |  1  2  3  4  5  6  7  8  9 10 11 |
---------------+----------------------------------+-----
Fighting       | 1 2 3 4 5 6 8 |  8.9
Dodging        | 2 3 4 5 6 |  6.5
Stealth        | 2 3 4 5 |  5.0
Conjurations   | 5 6 7 8 |  8.2
Short Blades   | 1 2 |  2.5
Spellcasting   | 3 4 5 6 |  6.9
Throwing       | 1 2 3 |  3.9
Staves         | 1 2 4 6 7 |  7.2
Axes           | 1 |  1.5
Polearms       | 1 |  1.1
Hexes          | 1 3 |  3.0
Shields        | 2 |  2.0
Maces & Flails | |  0.6
Slings         | |  0.1
Air Magic      | |  0.2
Evocations     | |  0.5

Action                   |  1- 3 |  4- 6 |  7- 9 | 10-12 || total
-------------------------+-------+-------+-------+-------++-------
Melee: Dagger            |    16 |       |     8 |    38 ||    62
       Unarmed           |     1 |       |       |       ||     1
       Short sword       |    47 |    46 |       |       ||    93
       Tailslap          |     5 |     5 |    16 |    14 ||    40
       Quarterstaff      |       |     4 |   161 |   215 ||   380
       Halberd           |       |     4 |     6 |       ||    10
       Broad axe         |       |       |     8 |       ||     8
       Flail             |       |       |       |    27 ||    27
 Fire: Hunting sling     |       |       |       |     4 ||     4
       Shortbow          |       |       |       |     6 ||     6
Throw: Dart              |       |    19 |    28 |       ||    47
       Boomerang         |       |       |    26 |    14 ||    40
       Stone             |       |       |       |     5 ||     5
 Cast: Magic Dart        |    78 |    12 |   186 |    65 ||   341
       Searing Ray       |     5 |    12 |    40 |    36 ||    93
       Dazzling Flash    |       |       |     2 |     3 ||     5
       Fulminant Prism   |       |       |    12 |    59 ||    71
       Tukima's Dance    |       |       |       |     5 ||     5
       Poisonous Vapours |       |       |       |     2 ||     2
Evoke: Wand              |       |       |     1 |    13 ||    14
  Use: Scroll            |     3 |     7 |     9 |     6 ||    25
       Potion            |     2 |     4 |       |     6 ||    12
 Stab: Sleeping          |     2 |     1 |     1 |       ||     4
       Invisible         |       |       |     1 |     3 ||     4
       Distracted        |       |       |     1 |       ||     1
       Paralysed         |       |       |       |     3 ||     3
Armor: Skin              |    30 |    28 |    83 |   122 ||   263
Dodge: Dodged            |    55 |    73 |   128 |   381 ||   637
Block: Other             |       |       |       |    97 ||    97
       Reflection        |       |       |       |     3 ||     3
       Buckler           |       |       |       |     7 ||     7
